 Dungeon Crawl Stone Soup version 0.18-a0-846-g91b95b1 (webtiles) character file.

605202 4thArraOfDagon the Phalangite (level 25, -2/227 HPs)
             Began as a Centaur Artificer on Dec 19, 2015.
             Was a High Priest of Okawaru.
             Slain by an Executioner (16 damage)
             ... summoned by Gloorx Vloq
             ... in Pandemonium on Dec 20, 2015.
             The game lasted 04:20:54 (34222 turns).

4thArraOfDagon the Phalangite (Centaur Artificer)  Turns: 34222, Time: 04:20:54

Health: -2/227     AC: 47    Str: 23    XL:     25   Next: 47%
Magic:  10/36      EV: 20    Int: 29    God:    Okawaru [*****.]
Gold:   1852       SH:  0    Dex: 24    Spells: 12 memorised, 7 levels left

rFire  . . .     SeeInvis +     P - +8 bardiche of Tycant {drain, rPois}
rCold  + . .     Gourm    .     y - +5 chain mail of the Big Bang {rPois Dex+3 Slay+6}
rNeg   + + +     Faith    .     (shield currently unavailable)
rPois  +         Spirit   .     I - +2 helmet
rElec  .         Dismiss  .     S - +2 cloak {MR+}
rCorr  .         Reflect  .     O - +2 pair of gloves {Str+3}
SustAt .         Harm     .     V - +10 Black Knight's horse barding {ponderous, rPois rN+}
MR     ++...                    J - amulet "Xociuxye" {+Rage Str+5 Int+4}
Stlth  ++........               U - ring "Hiuthr Opua" {rC+ rN+ Dex+4 SInv Stlth+}
                                N - ring of Ilyt {Wiz +Blink rN++ Int+8 Stlth+}

@: about to teleport, heroism, finesse, slowed, slow, very resistant to hostile
enchantments, unstealthy
A: hooves 3, repulsion field 1, thin skeletal structure 1, deformed body, speed
2, tough skin 3
a: Heroism, Finesse, Renounce Religion, Evoke Blink, Evoke Berserk Rage
}: 5/15 runes: barnacled, slimy, silver, golden, gossamer


You were in Pandemonium.
You worshipped Okawaru.
Okawaru was extremely pleased with you.
You were not hungry.

You visited 11 branches of the dungeon, and saw 56 of its levels.
You visited Pandemonium 1 time, and saw 2 of its levels.
You visited the Abyss 2 times.
You visited 1 bazaar.
You visited 1 ziggurat, and saw 10 of its levels.
You also visited: Ice Cave.

You collected 5822 gold pieces.
You spent 3965 gold pieces at shops.

Inventory:

Hand Weapons
 K - a +8 bardiche of venom
 P - the +8 bardiche of Tycant (weapon) {drain, rPois}
   (You took it off a red devil on level 8 of the Lair of Beasts)

   A truly terrible weapon, it drains the life of those it strikes.
   It protects you from poison.
Missiles
 r - 9 throwing nets (quivered)
Armour
 y - the +5 chain mail of the Big Bang (worn) {rPois Dex+3 Slay+6}
   (You found it on level 3 of the Elven Halls)

   It affects your dexterity (+3).
   It affects your accuracy and damage with ranged weapons and melee attacks
   (+6).
   It protects you from poison.
 I - a +2 helmet (worn)
 O - a +2 pair of gloves of strength (worn)
 S - a +2 cloak of magic resistance (worn)
 V - the +10 Black Knight's horse barding (worn) {ponderous, rPois rN+}
   (You acquired it on level 3 of the Elven Halls)

   It protects you from poison.
   It protects you from negative energy.
Jewellery
 e - the ring "Vill" {+Inv rElec rN++ MP-9 Str+5}
   (You took it off a deep elf elementalist on level 3 of the Elven Halls)

   [ring of strength]

   It affects your strength (+5).
   It insulates you from electricity.
   It greatly protects you from negative energy.
   It affects your magic capacity (-9).
   It lets you turn invisible.
 l - the ring "Voagetz" {+/*Tele Slay+2}
   (You took it off a tengu reaver on level 5 of the Vaults)

   [ring of teleportation]

   It may teleport you next to monsters, and can be evoked to randomly teleport.
   It affects your accuracy and damage with ranged weapons and melee attacks
   (+2).
 q - an uncursed ring of fire
 E - an uncursed amulet of resist corrosion
 H - an uncursed ring of protection from cold
 J - the amulet "Xociuxye" (around neck) {+Rage Str+5 Int+4}
   (You found it on level 6 of the Pits of Slime)

   [amulet of rage]

   It affects your strength (+5).
   It affects your intelligence (+4).
   It lets you go berserk.
 N - the ring of Ilyt (left hand) {Wiz +Blink rN++ Int+8 Stlth+}
   (You found it on level 3 of the Tomb of the Ancients)

   [ring of wizardry]

   It improves your spell success rate.
   It affects your intelligence (+8).
   It greatly protects you from negative energy.
   It lets you blink.
   It makes you more stealthy.
 U - the ring "Hiuthr Opua" (right hand) {rC+ rN+ Dex+4 SInv Stlth+}
   (You took it off a deep elf elementalist on level 3 of the Elven Halls)

   [ring of see invisible]

   It affects your dexterity (+4).
   It protects you from cold.
   It protects you from negative energy.
   It lets you see invisible.
   It makes you more stealthy.
Wands
 c - a wand of teleportation (4/9)
 j - a wand of cold (10/15)
 s - a wand of disintegration (17/24)
 F - a wand of digging (8/24)
 R - a wand of fire (8/15)
 X - a wand of heal wounds (7/9)
Scrolls
 a - 6 scrolls of identify
 h - a scroll of summoning
 k - 5 scrolls of fog
 m - 3 scrolls of silence
 t - 9 scrolls of teleportation
 v - 5 scrolls of remove curse
 z - 3 scrolls of magic mapping
 L - 10 scrolls of recharging
 M - 4 scrolls of blinking
Potions
 g - 6 potions of curing
 i - 5 potions of ambrosia
 n - a potion of resistance
 o - 8 potions of might
 x - 8 potions of cancellation
 A - 2 potions of berserk rage
 D - 3 potions of agility
 G - 2 potions of haste
 T - 3 potions of brilliance
 W - 2 potions of cure mutation
 Y - 4 potions of heal wounds
 Z - 6 potions of magic
Miscellaneous
 b - a fan of gales
 d - 2 phantom mirrors
 p - a sack of spiders {used: 1}
 u - a phial of floods
 w - a piece from Xom's chessboard
 B - a box of beasts {used: 1}
Comestibles
 f - 17 bread rations
 Q - 6 meat rations


   Skills:
 - Level 19.1(24.1) Fighting
   Level 0.8(5.8) Short Blades
 - Level 21.0(26.0) Polearms
 - Level 14.0(19.0) Armour
 - Level 12.0(17.0) Dodging
 - Level 0.5(5.5) Stealth
 + Level 9.1 Spellcasting
 - Level 3.0 Hexes
 - Level 7.4 Charms
 - Level 7.9 Necromancy
 * Level 15.4 Translocations
 - Level 8.0 Invocations
 - Level 7.4 Evocations


You had 7 spell levels left.
You knew the following spells:

 Your Spells              Type           Power        Failure   Level  Hunger
a - Regeneration          Chrm/Necr      ######....   1%          3    None
b - Spectral Weapon       Hex/Chrm       #####...     2%          3    None
c - Song of Slaying       Chrm           ######..     1%          2    None
d - Apportation           Tloc           #######...   1%          1    None
e - Animate Skeleton      Necr           N/A          1%          1    None
f - Phase Shift           Tloc           #######...   1%          5    ####...
g - Blink                 Tloc           N/A          1%          2    None
h - Passage of Golubria   Tloc           N/A          1%          4    None
i - Cure Poison           Pois           ##........   10%         2    None
j - Controlled Blink      Tloc           N/A          83%         8    #######
k - Repel Missiles        Chrm/Air       ####..       2%          2    None
l - Swiftness             Chrm/Air       ####....     2%          2    None


Dungeon Overview and Level Annotations

Branches:
Dungeon (15/15)            Temple (0/1) D:7            Lair (8/8) D:10
 Shoals (4/4) Lair:5       Spider (4/4) Lair:3        Slime (6/6) Lair:7
    Orc (2/2) D:11            Elf (3/3) Orc:2        Vaults (5/5) D:13
  Crypt (3/3) Vaults:3       Tomb (3/3) Crypt:3      Depths (3/5) D:15

Altars:
Ashenzari
Dithmenos
Fedhas
Gozag
Kikubaaqudgha
Makhleb
Okawaru
Pakellas
Qazlal
Sif Muna
Trog
Yredelemnul
Jiyva

Shops:
D:5 *   D:10 %   D:12 ?   Orc:2 :([:}   Elf:1 %   Shoals:1 *   Shoals:2 !**

Portals:
Hell: Lair:8 Depths:2
Pandemonium: Depths:2

Annotations:
D:9 4thArraOfDagon's ghost, novice CeAr
D:11 exclusion: downstairs
D:13 VAULTS
Shoals:1 RESTISTANCe
Vaults:5 nublet's ghost, veteran DrTm
Crypt:1 Margery
Pan Gloorx Vloq


Innate Abilities, Weirdness & Mutations

You have hooves in place of feet.
Armour fits poorly on your strangely shaped body.
You cover ground very quickly.
You have extremely tough skin (AC +3).
You are surrounded by a mild repulsion field (EV +2).
You have a somewhat thin skeletal structure (Dex +2, Stealth).


Message History

The Executioner hits you but does no damage.
The Executioner hits you.
* * * LOW HITPOINT WARNING * * *
The Executioner misses you. The Executioner completely misses you.
Gloorx Vloq gestures at you.
The foul vapour engulfs your spectral weapon.
Your spectral weapon completely resists.
The Executioner hits you.
* * * LOW HITPOINT WARNING * * *
The Executioner hits you but does no damage. x2
The Executioner hits you!
* * * LOW HITPOINT WARNING * * *
The Executioner hits you but does no damage.
The Executioner misses you. Gloorx Vloq hits your spectral weapon!
Your spectral weapon shares its damage with you!
Your spectral weapon fades away.
* * * LOW HITPOINT WARNING * * *
The Executioner gestures.
The Executioner seems to speed up.
The Executioner hits you!
You die...

#.....###################....
#.#...##### #....
#..#..#...## #....
#.....#....### #...#
#..#..#......#### #....
#.#...#.........##### #...#
#.....#.............#######..
#.#..##....§§§§§........+ #..
#..#[.'....1@11&........# ##.
#....##.....§§§1........# #.
#..#..'..........^......# ##.
#.#..##.................+ #..
#.....#.............#######..
#.#...#.........##### #...#
#..#..#......#### #.... # ...
#....### #...# #....


You could see Gloorx Vloq and 4 Executioners.

Vanquished Creatures
  the Royal Jelly (Slime:6)
  An ancient lich (Crypt:3)
  10 greater mummies
  Sojobo (Depths:2)
  Xtahua (Crypt:3)
  Jory (Vaults:2)
  5 liches
  2 tentacled monstrosities
  Rupert (Lair:5)
  7 titans
  2 deep elf blademasters (Elf:3)
  A deep elf master archer (Elf:3)
  Polyphemus (Shoals:3)
  20 acid blobs
  11 sphinxes
  9 Executioners (Pan)
  3 tentacled starspawn
  A shadow dragon (Vaults:5)
  8 tengu reavers
  9 azure jellies
  5 ancient champions
  2 greater nagas
  3 revenants
  A storm dragon (Vaults:5)
  8 deep elf sorcerers (Elf:3)
  5 fire giants
  5 frost giants
  The ghost of Raultor the Severer, a journeyman MiBe of Trog (Elf:1)
  16 vault wardens
  Aizul (Depths:2)
  An iron dragon (Vaults:5)
  Louise (Spider:2)
  5 emperor scorpions (Spider:4)
  A draconian zealot (Zig:5)
  A balrug (Zig:10)
  5 ghost moths (Spider:4)
  An orc warlord (Vaults:5)
  4 war gargoyles
  4 curse skulls
  2 reapers (Zig:9)
  8 deep elf elementalists (Elf:3)
  2 ironheart preservers
  12 stone giants
  A vampire knight (Depths:2)
  2 very ugly things (Depths:2)
  A salamander stormcaller (Vaults:5)
  10 deep elf annihilators
  4 lorocyprocas
  3 spark wasps
  7 deep elf demonologists
  12 bennus
  6 deep elf death magi
  7 ettins
  34 vault guards
  17 mummy priests
  A merfolk javelineer (Shoals:4)
  7 merfolk impalers
  4 blizzard demons
  Erolcha (D:12)
  4 jiangshi (Crypt:2)
  4 great orbs of eyes
  6 yaktaur captains
  6 death oozes (Slime:6)
  An eidolon (Crypt:3)
  9 deep elf high priests
  A minotaur (shapeshifter) (Vaults:5)
  A quicksilver dragon zombie (Crypt:2)
  2 ice dragons (Depths:2)
  Harold (Lair:4)
  3 entropy weavers
  4 fire dragons (Depths:2)
  2 naga warriors
  An ice dragon (shapeshifter) (Vaults:5)
  A rakshasa (Abyss:2)
  8 hydras
  4 centaur warriors
  3 merfolk avatars
  A hell beast (Lair:8)
  A merfolk aquamancer (Shoals:4)
  2 alligator snapping turtles (Shoals:4)
  15 dancing weapons
  3 death yaks
  3 tengu warriors (Depths:2)
  3 orc high priests (Orc:2)
  3 deep troll earth magi
  5 deep troll shamans
  3 vampire magi
  3 thrashing horrors (Abyss:2)
  6 ogre magi
  A spriggan berserker (Depths:2)
  A storm dragon zombie (Crypt:2)
  2 fire crabs
  4 soul eaters
  2 sun demons
  8 skeletal warriors
  3 wretched stars
  11 deep elf knights
  9 shadow wraiths
  3 wizards
  6 large abominations
  8 sea snakes
  A storm dragon skeleton (Pan)
  4 flayed ghosts
  5 iron trolls (Depths:2)
  17 deep trolls
  10 orc knights
  2 death scarabs (Tomb:3)
  5 shadow demons
  3 giant orange brains
  A lindwurm (shapeshifter) (Vaults:4)
  2 naga ritualists
  A wolf spider zombie (D:14)
  A golden dragon skeleton (Pan)
  10 deep elf archers
  28 anubis guards
  11 ironbrand convokers
  A lindwurm (Lair:7)
  16 harpies
  17 orb spiders
  7 griffons
  13 phantasmal warriors
  5 hill giants
  2 tengu skeletons (Zig:9)
  22 wolf spiders
  2 hornets (Spider:4)
  56 deep elf magi
  2 necromancers
  An oklob plant (Lair:7)
  7 manticores
  8 elephants
  A shadow dragon skeleton (Crypt:2)
  7 fauns (Shoals:1)
  A water nymph (Shoals:2)
  7 orc sorcerers
  A frost giant zombie (Zig:7)
  21 ugly things
  8 cyclopes
  5 shining eyes
  2 iron dragon skeletons
  4 naga magi (Zig:4)
  2 ice statues
  7 fire giant skeletons (Crypt:3)
  6 sirens
  5 black mambas
  4 orange demons (Lair:8)
  2 smoke demons
  2 stone giant skeletons
  A moth of wrath (Spider:1)
  2 torpor snails
  7 vault sentinels
  5 fire drakes
  3 spiny frogs (shapeshifter)
  10 spiny frogs
  7 gargoyles
  2 hellwings
  An eye of devastation (Slime:3)
  4 ice devils (Lair:8)
  35 yaktaurs
  6 komodo dragons
  4 freezing wraiths
  A yaktaur (shapeshifter) (Depths:1)
  A tormentor (Zig:6)
  22 guardian mummies
  8 trolls
  An ancient zyme (Zig:5)
  11 demonic crawlers
  5 red devils
  12 merfolk
  3 tengu conjurers
  A mottled draconian skeleton (Crypt:2)
  An efreet (D:15)
  2 elf skeletons
  A spriggan skeleton (Zig:9)
  A polar bear (shapeshifter) (Depths:2)
  15 polar bears
  A blink frog (shapeshifter) (Depths:2)
  2 wind drakes (shapeshifter)
  5 kobold demonologists
  18 jumping spiders
  11 two-headed ogres
  2 wind drakes
  3 raiju (Abyss:5)
  A stone giant simulacrum (Vaults:1)
  4 boulder beetles
  A jumping spider (shapeshifter) (D:14)
  16 ushabtiu
  A boulder beetle (shapeshifter) (Vaults:5)
  5 air elementals
  55 slime creatures
  4 snapping turtles
  A wyvern (D:12)
  3 blink frogs (Lair:7)
  11 tarantellas
  11 fire dragon skeletons
  5 shadows
  2 ettin skeletons
  A hill giant zombie (Crypt:2)
  26 redbacks
  2 hungry ghosts (Crypt:3)
  7 flying skulls
  A centaur simulacrum (D:12)
  5 wraiths
  A ynoxinul (Abyss:2)
  10 water elementals
  7 trapdoor spiders
  14 starcursed masses
  2 basilisks
  A spriggan simulacrum (Zig:8)
  A vampire (D:15)
  61 yaks
  9 golden eyes
  10 hippogriffs
  12 vampire mosquitoes
  2 fire elementals
  A mottled dragon (D:11)
  5 insubstantial wisps (Abyss:2)
  A naga (Zig:1)
  20 wolves
  A hell hound (Lair:8)
  An orb spider zombie (Crypt:1)
  A sky beast (shapeshifter) (Vaults:3)
  11 porcupines
  11 water moccasins
  3 black bears
  A phantom (D:7)
  2 necrophages
  3 eyes of draining
  11 ice beasts
  25 orc warriors
  A spiny frog skeleton (Crypt:2)
  19 centaurs
  4 sky beasts
  2 wasps
  An anubis guard skeleton (Crypt:2)
  10 crocodiles
  16 ogres
  A giant frog (shapeshifter) (Vaults:5)
  5 small abominations
  4 earth elementals
  18 giant frogs
  A gnoll sergeant (D:10)
  3 scorpions
  A raiju skeleton (Crypt:2)
  An electric eel (D:11)
  6 killer bees (D:13)
  A yak skeleton (Crypt:2)
  6 wights
  14 two-headed ogre zombies (D:12)
  A giant frog zombie (D:12)
  8 hounds
  9 crimson imps
  16 orc priests
  6 human zombies (D:7)
  2 giant frog skeletons
  6 centaur skeletons
  16 jellies
  19 orc wizards
  A quasit (D:7)
  7 iguanas
  9 worker ants
  24 sheep
  A sky beast zombie (Crypt:2)
  An ogre zombie (Tomb:3)
  An ogre skeleton (D:7)
  3 hound skeletons
  38 mummies
  4 gnolls
  8 adders
  54 river rats
  4 shadow imps
  3 white imps
  An ooze (D:1)
  2 worms (D:2)
  7 giant geckos
  74 orcs
  7 bats
  2 giant cockroaches
  5 hobgoblins
  4 jackals
  A jackal (shapeshifter) (Vaults:5)
  8 kobolds
  4 quokkas
  2 ball pythons
  4 giant newts
  8 goblins
  2 jackal skeletons
  A quokka skeleton (D:5)
  5 rats
  3 fungi
1916 creatures vanquished.

Vanquished Creatures (collateral kills)
  A deep elf blademaster (Elf:3)
  An acid blob (Slime:6)
  A great orb of eyes (Slime:6)
  2 deep elf archers
  3 deep elf magi
  A cyclops (D:11)
  2 elephants (Lair:6)
  2 spiny frogs (Lair:8)
  An ancient zyme (Zig:8)
  A fire drake (Lair:8)
  2 blink frogs (Lair:7)
  A jumping spider (Spider:4)
  A ynoxinul (Abyss:2)
  A yak (Lair:7)
  2 hippogriffs
  An orc warrior (Orc:2)
  A porcupine (Lair:7)
  2 water moccasins (Lair:8)
  2 worker ants
  2 crocodiles (Lair:7)
  A jelly (Slime:6)
  2 starcursed masses (Zig:8)
  2 orc priests
  2 gnolls (D:6)
  A river rat (Lair:3)
  A shadow imp (D:11)
  A giant gecko (D:6)
  7 orcs
  A giant cockroach (D:6)
  A giant newt (D:4)
49 creatures vanquished.

Vanquished Creatures (others)
  A deep elf master archer (Elf:3)
  2 death scarabs (Tomb:3)
  A drowned soul (Abyss:5)
  A black mamba (Zig:3)
  An ice devil (Zig:9)
  A guardian mummy (Tomb:3)
  A demonic crawler (Spider:4)
  A shadow (Vaults:3)
  2 flying skulls (Tomb:2)
  A redback (Spider:4)
  3 yaks (IceCv)
  A tarantella (Spider:1)
  A wyvern (D:14)
  An insubstantial wisp (Abyss:2)
  2 wolves (IceCv)
  A hungry ghost (D:12)
  A naga (Zig:4)
  2 orc priests (D:6)
  An orc wizard (D:6)
  A worker ant (D:4)
  An ogre zombie (Tomb:2)
  A sheep (Lair:8)
  A small abomination (Abyss:2)
  An adder (D:6)
  2 white imps (Zig:9)
  3 orcs
  6 lost souls
  39 spectral weapons
  12 starspawn tentacles
  4 starspawn tentacle segments (Zig:5)
  A toadstool (D:11)
97 creatures vanquished.

Grand Total: 2062 creatures vanquished

Notes
Turn   | Place    | Note
--------------------------------------------------------------
     0 | D:1      | 4thArraOfDagon the Centaur Artificer began the quest for the Orb.
     0 | D:1      | Reached XP level 1. HP: 16/16 MP: 2/2
    88 | D:1      | Reached skill level 3 in Evocations
    99 | D:1      | Reached XP level 2. HP: 17/23 MP: 2/4
   216 | D:1      | HP: 1/23 [giant gecko (5)]
   476 | D:5      | Entered Level 5 of the Dungeon
   502 | D:5      | Reached XP level 3. HP: 8/28 MP: 5/5
   502 | D:5      | HP: 1/28 [worker ant (7)]
   645 | D:5      | Found Becw's Assorted Antiques.
   689 | D:5      | Bought a scroll labeled MARRON BIEL for 27 gold pieces
   805 | D:5      | Noticed a giant frog
   808 | D:5      | Killed a giant frog
   808 | D:5      | Reached skill level 4 in Evocations
   808 | D:5      | Reached XP level 4. HP: 26/35 MP: 5/7
   814 | D:5      | Reached skill level 5 in Evocations
  1041 | D:6      | Found a stormy altar of Qazlal.
  1041 | D:6      | Found a deep blue altar of Sif Muna.
  1047 | D:6      | Found a shadowy altar of Dithmenos.
  1117 | D:6      | Found an iron altar of Okawaru.
  1124 | D:6      | Became a worshipper of Warmaster Okawaru
  1154 | D:6      | Noticed a hippogriff
  1235 | D:6      | Killed a hippogriff
  1235 | D:6      | Reached * piety under Okawaru
  1235 | D:6      | Reached XP level 5. HP: 20/40 MP: 7/9
  1244 | D:6      | Noticed an ice beast
  1266 | D:6      | Killed a worker ant
  1327 | D:5      | Reached skill level 1 in Polearms
  1327 | D:5      | Reached XP level 6. HP: 32/47 MP: 10/10
  1723 | D:3      | Reached skill level 1 in Invocations
  1738 | D:3      | Reached skill level 6 in Evocations
  2158 | D:2      | Found an oddly glowing altar of Pakellas.
  2249 | D:3      | Reached skill level 1 in Armour
  2249 | D:3      | Reached XP level 7. HP: 55/55 MP: 11/11
  2428 | D:4      | Reached ** piety under Okawaru
  2633 | D:6      | HP: 2/56 [ice beast (12)]
  2880 | D:6      | Found a blossoming altar of Fedhas.
  2916 | D:7      | Found a staircase to the Ecumenical Temple.
  3011 | D:7      | Reached XP level 8. HP: 16/63 MP: 12/12
  3127 | D:7      | Found a shattered altar of Ashenzari.
  3361 | D:7      | Reached *** piety under Okawaru
  3605 | D:7      | Reached skill level 5 in Polearms
  3775 | D:7      | Found a basalt altar of Yredelemnul.
  3929 | D:7      | Reached XP level 9. HP: 15/71 MP: 14/14
  4200 | D:8      | Reached skill level 7 in Evocations
  4373 | D:8      | Reached **** piety under Okawaru
  4402 | D:9      | Noticed 4thArraOfDagon's ghost (novice CeAr)
  4424 | D:8      | You fall through a shaft for 3 floors!
  4425 | D:11     | uhh
  4457 | D:12     | Noticed a brown ugly thing
  4655 | D:11     | Noticed a cyclops
  4687 | D:11     | Noticed a hill giant
  4700 | D:11     | Killed a cyclops
  4737 | D:11     | Killed a hill giant
  4737 | D:11     | Reached skill level 5 in Fighting
  4737 | D:11     | Reached skill level 5 in Invocations
  4908 | D:11     | Learned a level 3 spell: Regeneration
  4912 | D:11     | Learned a level 3 spell: Spectral Weapon
  5076 | D:10     | Entered Level 10 of the Dungeon
  5076 | D:10     | Noticed a fire drake
  5079 | D:10     | Found a staircase to the Lair.
  5084 | D:10     | Killed a fire drake
  5084 | D:10     | Reached ***** piety under Okawaru
  5084 | D:10     | Reached skill level 1 in Charms
  5084 | D:10     | Reached skill level 1 in Necromancy
  5187 | D:11     | Reached XP level 10. HP: 39/81 MP: 15/15
  5433 | D:10     | Noticed a deep elf mage
  5488 | D:10     | Found a stormy altar of Qazlal.
  5725 | D:10     | Found Geugid's Food Shop.
  6042 | D:9      | Reached skill level 1 in Spellcasting
  6694 | D:12     | Found Budas's Magic Scroll Boutique.
  6711 | D:12     | Noticed a cyclops
  6718 | D:12     | Received a gift from Okawaru
  6726 | D:12     | Killed a cyclops
  6752 | D:12     | Bought a scroll of blinking for 112 gold pieces
  6752 | D:12     | Bought a scroll of identify for 30 gold pieces
  6752 | D:12     | Bought a scroll of magic mapping for 52 gold pieces
  6752 | D:12     | Bought a scroll of teleportation for 45 gold pieces
  6752 | D:12     | Bought a scroll of enchant armour for 112 gold pieces
  6752 | D:12     | Bought a scroll of identify for 30 gold pieces
  6943 | D:12     | Killed a brown ugly thing
  7054 | D:12     | Reached XP level 11. HP: 62/89 MP: 16/16
  7111 | D:12     | Reached skill level 8 in Polearms
  7214 | D:13     | Noticed a hill giant
  7226 | D:13     | Killed a hill giant
  7280 | D:13     | Was placed under penance by Okawaru
  7289 | D:13     | uhh what
  7483 | D:13     | Noticed a merfolk impaler
  7483 | D:13     | Noticed a naga warrior
  7483 | D:13     | Noticed a naga warrior
  7483 | D:13     | Noticed a naga warrior
  7515 | D:13     | Noticed a hill giant
  7542 | D:13     | Killed a hill giant
  7646 | D:13     | Was forgiven by Okawaru
  7818 | D:13     | Noticed Nessos
  7819 | D:13     | Noticed Nessos
  7819 | D:13     | Nessos changed into Nessos the lindwurm
  7827 | D:13     | Noticed Nessos
  7827 | D:13     | Nessos the lindwurm changed into Nessos the deep troll
  7919 | D:12     | Reached skill level 5 in Necromancy
  7996 | D:13     | Killed Nessos the deep troll
  8033 | D:13     | Reached skill level 1 in Hexes
  8108 | D:13     | Noticed a vault guard
  8144 | D:14     | Found an opulent altar of Gozag.
  8207 | D:14     | Found a frozen archway.
  8343 | D:14     | Received a gift from Okawaru
  8347 | D:14     | Got a steaming bardiche {god gift}
  8363 | IceCv    | Entered an ice cave
  8395 | IceCv    | Identified the +1 bardiche of Bajudgh {freeze, rN+} (Okawaru gifted it to you on level 14 of the Dungeon)
  8396 | IceCv    | meh
  8546 | IceCv    | Reached skill level 9 in Polearms
  8546 | IceCv    | Reached XP level 12. HP: 97/97 MP: 4/17
  8559 | IceCv    | Reached skill level 5 in Armour
  9115 | IceCv    | Noticed a frost giant
  9157 | IceCv    | Killed a frost giant
  9217 | IceCv    | Reached skill level 10 in Polearms
  9495 | D:14     | Received a gift from Okawaru
  9716 | D:15     | Entered Level 15 of the Dungeon
  9760 | D:15     | Identified a scroll of acquirement
  9803 | D:15     | Reached XP level 13. HP: 108/108 MP: 13/19
 10186 | D:15     | Found a burning altar of Makhleb.
 10232 | D:15     | Reached skill level 5 in Dodging
 10288 | D:15     | Reached skill level 11 in Polearms
 10351 | D:15     | Learned a level 2 spell: Song of Slaying
 10589 | D:13     | Received a gift from Okawaru
 10781 | D:12     | Noticed Erolcha
 10794 | D:12     | Killed Erolcha
 10922 | D:11     | Found a staircase to the Orcish Mines.
 10938 | Orc:1    | Entered Level 1 of the Orcish Mines
 11141 | Orc:2    | Entered Level 2 of the Orcish Mines
 11152 | Orc:2    | Found a bloodstained altar of Trog.
 11177 | Orc:2    | Found Sizixig's Quality Used Wands.
 11185 | Orc:2    | Bought a wand of digging (0) for 104 gold pieces
 11185 | Orc:2    | Bought a wand of teleportation (0) for 156 gold pieces
 11185 | Orc:2    | Bought a wand of heal wounds (0) for 312 gold pieces
 11400 | Orc:2    | Found a staircase to the Elven Halls.
 11728 | Orc:2    | Received a gift from Okawaru
 11729 | Orc:2    | Got a jewelled centaur barding {god gift}
 11780 | Orc:2    | Reached ****** piety under Okawaru
 11960 | Orc:2    | Found Qaogem's Book Shop.
 11960 | Orc:2    | Found Cupawauj's Book Shop.
 11961 | Orc:2    | Found Ryegoqes's Antique Armour Emporium.
 11966 | Orc:2    | Found Latwoan's Weapon Emporium.
 11990 | Orc:2    | Bought the cursed +13 Scythe of Curses {drain, *Curse} for 1040 gold pieces
 11990 | Orc:2    | Noticed a reaper
 12125 | Orc:2    | hmm
 12178 | Elf:1    | Entered Level 1 of the Elven Halls
 12194 | Elf:1    | Reached skill level 12 in Polearms
 12249 | Orc:2    | Reached XP level 14. HP: 94/119 MP: 14/20
 12552 | Orc:2    | Reached skill level 10 in Fighting
 12657 | Elf:1    | Noticed Raultor's ghost (journeyman MiBe)
 12842 | Elf:1    | HP: 2/122 [Raultor's ghost (31)]
 12994 | Elf:1    | Found Bizoplup's Food Boutique.
 13066 | Elf:1    | Killed Raultor's ghost
 13066 | Elf:1    | Reached skill level 13 in Polearms
 13383 | Elf:1    | Received a gift from Okawaru
 13560 | Orc:2    | Identified the cursed +0 centaur barding "Inetz" {rPois rC- Str+6} (Okawaru gifted it to you on level 2 of the Orcish Mines)
 13656 | Elf:1    | Reached skill level 14 in Polearms
 13876 | Elf:2    | Gained mutation: You are surrounded by a mild repulsion field (EV +2). [potion of mutation]
 13876 | Elf:2    | Gained mutation: Your spells are a little harder to cast, but a little more powerful. [potion of mutation]
 13876 | Elf:2    | Gained mutation: You are weak. (Str -2) [potion of mutation]
 13885 | Elf:2    | Found a flickering gateway to a bazaar.
 13929 | Elf:2    | Reached XP level 15. HP: 113/129 MP: 11/21
 14033 | Bazaar   | Entered a bazaar
 14035 | Bazaar   | Found Baanat's Antique Weapon Boutique.
 14039 | Bazaar   | Found Baseydok's Gadget Boutique.
 14039 | Bazaar   | Found Mamuus's Book Boutique.
 14039 | Bazaar   | Found Ewaok's Distillery.
 14056 | Bazaar   | Bought a potion of invisibility for 72 gold pieces
 14056 | Bazaar   | Bought a potion of might for 36 gold pieces
 14056 | Bazaar   | Bought a potion of brilliance for 36 gold pieces
 14056 | Bazaar   | Bought a potion of poison for 9 gold pieces
 14056 | Bazaar   | Bought a potion of lignification for 27 gold pieces
 14078 | Elf:3    | Entered Level 3 of the Elven Halls
 14164 | Elf:3    | Reached skill level 15 in Polearms
 14279 | Elf:3    | Cast into level 3 of the Abyss (a deep elf sorcerer)
 14305 | Abyss:4  | Found a corrupted altar of Lugonu.
 14355 | Abyss:5  | Entered Level 5 of the Abyss
 14571 | Abyss:5  | Found a corrupted altar of Lugonu.
 14590 | Elf:3    | Escaped the Abyss
 14766 | Elf:3    | Noticed a deep elf blademaster
 14781 | Elf:3    | Killed a deep elf blademaster
 14805 | Elf:3    | Received a gift from Okawaru
 14814 | Elf:3    | Reached skill level 16 in Polearms
 15050 | Elf:3    | Noticed an Ice Fiend
 15109 | Elf:3    | Got a crude platinum ring
 15115 | Elf:3    | Identified the ring "Vill" {+Inv rElec rN++ MP-9 Str+5} (You took it off a deep elf elementalist on level 3 of the Elven Halls)
 15116 | Elf:3    | hmm
 15153 | Elf:3    | Got a faintly glowing war axe {holy}
 15217 | Elf:3    | Reached skill level 5 in Charms
 15454 | Elf:3    | Cast into level 2 of the Abyss (a deep elf sorcerer)
 15540 | Abyss:2  | Reached XP level 16. HP: 121/137 MP: 4/22
 15650 | Abyss:2  | Noticed a tentacled starspawn
 15688 | Abyss:2  | Noticed a tentacled starspawn
 15704 | Abyss:2  | Killed a tentacled starspawn
 16046 | Elf:3    | Escaped the Abyss
 16075 | Elf:3    | Received a gift from Okawaru
 16125 | Elf:3    | Noticed a deep elf master archer
 16131 | Elf:3    | Killed a deep elf master archer
 16153 | Elf:3    | Reached skill level 17 in Polearms
 16161 | Elf:3    | Noticed a deep elf master archer
 16170 | Elf:3    | Noticed a deep elf blademaster
 16174 | Elf:3    | Killed a deep elf master archer
 16182 | Elf:3    | Killed a deep elf blademaster
 16202 | Elf:3    | Got a crude steel ring
 16296 | Elf:3    | Learned a level 1 spell: Apportation
 16298 | Elf:3    | Learned a level 1 spell: Animate Skeleton
 16335 | Elf:3    | Received a gift from Okawaru
 16342 | Elf:3    | Noticed a deep elf blademaster
 16344 | Elf:3    | Learned a level 5 spell: Phase Shift
 16350 | Elf:3    | Killed a deep elf blademaster
 16431 | Elf:3    | Got a jewelled chain mail
 16459 | Elf:3    | Learned a level 2 spell: Blink
 16464 | Elf:3    | Learned a level 4 spell: Passage of Golubria
 16590 | Elf:3    | Reached skill level 1 in Translocations
 17106 | D:12     | Bought a scroll of recharging for 142 gold pieces
 17106 | D:12     | Bought a scroll of remove curse for 45 gold pieces
 17106 | D:12     | Bought a scroll of remove curse for 45 gold pieces
 17106 | D:12     | Bought a scroll of fog for 30 gold pieces
 17160 | Lair:1   | Entered Level 1 of the Lair of Beasts
 17201 | Lair:1   | Identified the cursed ring "Hiuthr Opua" {rC+ rN+ Dex+4 SInv Stlth+} (You took it off a deep elf elementalist on level 3 of the Elven Halls)
 17205 | Lair:1   | hmm
 17232 | Lair:1   | Identified the cursed +5 chain mail of the Big Bang {rPois Dex+3 Slay+6} (You found it on level 3 of the Elven Halls)
 17232 | Lair:1   | nice!
 17237 | Lair:1   | Identified the +1 war axe "Qacse" {holy, rPois SInv} (You took it off a deep elf mage on level 3 of the Elven Halls)
 17592 | Lair:1   | WTDF
 17744 | Lair:2   | Reached skill level 18 in Polearms
 17805 | Lair:3   | Found a hole to the Spider Nest.
 17844 | Lair:4   | Noticed Harold
 17852 | Lair:4   | Killed Harold
 17934 | Lair:3   | You fall through a shaft!
 18236 | Lair:6   | Reached XP level 17. HP: 139/144 MP: 14/23
 18383 | Lair:6   | You fall through a shaft for 2 floors!
 18383 | Lair:8   | Entered Level 8 of the Lair of Beasts
 18651 | Lair:8   | Received a gift from Okawaru
 18816 | Lair:5   | Noticed Rupert
 18836 | Lair:5   | Killed Rupert
 19112 | Lair:8   | Reached skill level 5 in Spellcasting
 19212 | Lair:8   | Found a burning altar of Makhleb.
 19313 | Lair:8   | Found a gateway to Hell.
 19314 | Lair:8   | Got a transparent bardiche {drain}
 19327 | Lair:8   | Identified the +8 bardiche of Tycant {drain, rPois} (You took it off a red devil on level 8 of the Lair of Beasts)
 19328 | Lair:8   | nice
 19817 | Spider:1 | Entered Level 1 of the Spider Nest
 19868 | Spider:1 | You fall through a shaft!
 19910 | Spider:2 | Noticed Louise
 19927 | Spider:2 | Killed Louise
 20006 | Spider:2 | You fall through a shaft!
 20140 | Spider:4 | Entered Level 4 of the Spider Nest
 20214 | Spider:4 | Received a gift from Okawaru
 20844 | Spider:4 | Reached XP level 18. HP: 85/151 MP: 10/28
 20953 | Spider:4 | Reached skill level 19 in Polearms
 21132 | Spider:4 | Got a gossamer rune of Zot
 21423 | Spider:1 | Received a gift from Okawaru
 21448 | Spider:1 | Identified the Collected Works on Evil Moulding (You found it on level 1 of the Spider Nest)
 22044 | Lair:5   | Found a staircase to the Shoals.
 22107 | Shoals:1 | Entered Level 1 of the Shoals
 22282 | Shoals:2 | Found Komn's Assorted Antiques.
 22388 | Shoals:2 | Bought a scroll of teleportation for 102 gold pieces
 22388 | Shoals:2 | Bought a scroll of teleportation for 102 gold pieces
 22388 | Shoals:2 | Bought a potion of brilliance for 136 gold pieces
 22392 | Shoals:2 | Bought a scroll of recharging for 323 gold pieces
 22517 | Shoals:2 | Found Muotu Veuse's Distillery.
 22536 | Shoals:2 | Bought a potion of curing for 51 gold pieces
 22536 | Shoals:2 | Bought a potion of curing for 51 gold pieces
 22536 | Shoals:2 | Bought a potion of might for 68 gold pieces
 22542 | Shoals:2 | Found Pyffarec's General Store.
 22566 | Shoals:2 | Bought a scroll of magic mapping for 63 gold pieces
 22604 | Shoals:1 | Found Hiolloal's Assorted Antiques.
 22637 | Shoals:1 | Bought a scroll of blinking for 165 gold pieces
 22844 | Shoals:3 | Noticed Polyphemus
 22861 | Shoals:2 | Received a gift from Okawaru
 22953 | Shoals:3 | Killed Polyphemus
 23045 | Shoals:4 | Entered Level 4 of the Shoals
 23120 | Shoals:4 | Reached skill level 20 in Polearms
 23177 | Shoals:4 | Got a barnacled rune of Zot
 23401 | Shoals:3 | Learned a level 2 spell: Cure Poison
 23583 | Shoals:2 | Bought a potion of haste for 170 gold pieces
 23583 | Shoals:2 | Bought 2 potions of magic for 272 gold pieces
 24052 | Lair:7   | Found a staircase to the Slime Pits.
 24065 | Slime:1  | Entered Level 1 of the Pits of Slime
 24075 | Lair:7   | Gained mutation: You are dopey. (Int -2) [a shining eye]
 24154 | Lair:7   | Received a gift from Okawaru
 24176 | Lair:7   | Reached XP level 19. HP: 129/157 MP: 18/29
 24229 | Slime:2  | Reached skill level 10 in Armour
 24459 | Slime:2  | Found a viscous altar of Jiyva.
 24660 | Slime:3  | Reached skill level 21 in Polearms
 24950 | Slime:6  | Entered Level 6 of the Pits of Slime
 25089 | Slime:6  | Gained mutation: Your magical capacity is low (-10% MP). [a shining eye]
 25241 | Slime:6  | Gained mutation: Scrolls take you a little longer to read. [a shining eye]
 25313 | Slime:6  | Lost mutation: Scrolls take you a little longer to read. [potion of cure mutation]
 25313 | Slime:6  | Lost mutation: Your magical capacity is low (-10% MP). [potion of cure mutation]
 25313 | Slime:6  | Lost mutation: You are weak. (Str -2) [potion of cure mutation]
 25313 | Slime:6  | Lost mutation: Your spells are a little harder to cast, but a little more powerful. [potion of cure mutation]
 25313 | Slime:6  | Lost mutation: You are dopey. (Int -2) [potion of cure mutation]
 25316 | Slime:6  | back to the primitive
 25374 | Slime:6  | who need clarity
 25378 | Slime:6  | Noticed the Royal Jelly
 25393 | Slime:6  | Killed the Royal Jelly
 25393 | Slime:6  | Received a gift from Okawaru
 25458 | Slime:6  | Learned a level 8 spell: Controlled Blink
 25472 | Slime:6  | Got a smoking ivory amulet
 25500 | Slime:6  | Identified the amulet "Xociuxye" {+Rage Str+5 Int+4} (You found it on level 6 of the Pits of Slime)
 25506 | Slime:6  | Got a pitted centaur barding
 25541 | Slime:6  | Identified the +6 centaur barding of Dejufyt {rPois Int+2} (You found it on level 6 of the Pits of Slime)
 25569 | Slime:6  | Got a slimy rune of Zot
 25596 | Slime:6  | Identified Zeiwaca's Handbook of the Escort (You found it on level 6 of the Pits of Slime)
 25600 | Slime:6  | Got a fine silver ring
 25603 | Slime:6  | Got an ichor-stained plate armour
 25605 | Slime:6  | Identified the cursed ring "Riup" {rF+ MR- Dex-2 Stlth+} (You found it on level 6 of the Pits of Slime)
 25616 | Slime:6  | Identified the cursed +1 plate armour of the Assorted Beds {Int+3} (You found it on level 6 of the Pits of Slime)
 25960 | D:13     | Found a gate to the Vaults.
 26006 | Vaults:1 | Entered Level 1 of the Vaults
 26092 | Vaults:1 | Reached XP level 20. HP: 139/167 MP: 15/30
 26183 | Vaults:1 | Reached skill level 5 in Translocations
 26244 | Vaults:1 | Found an ancient bone altar of Kikubaaqudgha.
 26285 | Vaults:1 | You fall through a shaft!
 26359 | Vaults:2 | Noticed Jory
 26371 | Vaults:2 | Killed Jory
 26858 | Vaults:5 | Entered Level 5 of the Vaults
 26858 | Vaults:5 | Noticed nublet's ghost (veteran DrTm)
 26879 | Vaults:5 | Received a gift from Okawaru
 27213 | Vaults:5 | Received a gift from Okawaru
 27411 | Vaults:5 | Reached XP level 21. HP: 164/176 MP: 16/31
 27578 | Vaults:5 | Got a steaming golden amulet
 27579 | Vaults:5 | Identified the amulet of Wawyan {Gourm rC+} (You took it off an ironheart preserver on level 5 of the Vaults)
 27608 | Vaults:5 | Got a translucent emerald amulet
 27736 | Vaults:5 | Reached skill level 10 in Dodging
 27800 | Vaults:5 | Received a gift from Okawaru
 27959 | Vaults:5 | Identified the amulet of Woluxyve {Dismiss +Fly} (You took it off a salamander stormcaller on level 5 of the Vaults)
 27963 | Vaults:5 | Identified the Reference Book on Boosts (You found it on level 5 of the Vaults)
 28061 | Vaults:5 | Got a scorched iron ring
 28063 | Vaults:5 | Identified the ring "Voagetz" {+/*Tele Slay+2} (You took it off a tengu reaver on level 5 of the Vaults)
 28139 | Vaults:5 | Identified Sif Muna's Compendium of Floating Self-Knowledge (You found it on level 5 of the Vaults)
 28145 | Vaults:5 | Learned a level 2 spell: Repel Missiles
 28174 | Vaults:5 | Got a silver rune of Zot
 28222 | Vaults:5 | Paralysed by a sphinx for 7 turns
 28327 | Vaults:4 | Reached skill level 10 in Translocations
 28384 | Vaults:4 | Received a gift from Okawaru
 28669 | Vaults:3 | Got a scorched ring mail
 28696 | Vaults:3 | Found a staircase to the Crypt.
 28699 | Crypt:1  | Entered Level 1 of the Crypt
 29079 | Crypt:2  | Identified the +4 ring mail "Hazec" {+Inv rPois Str+3 Int-3} (You found it on level 3 of the Vaults)
 29108 | Crypt:2  | Reached XP level 22. HP: 182/187 MP: 20/32
 29140 | Crypt:3  | Entered Level 3 of the Crypt
 29402 | Crypt:3  | Identified the Catalogue of Mutagenic Bewitchment (You found it on level 3 of the Crypt)
 29509 | Crypt:3  | Noticed Xtahua
 29518 | Crypt:3  | Killed Xtahua
 29604 | Crypt:3  | Identified a +4 rod of the swarm (9/9) (You found it on level 3 of the Crypt)
 29729 | Crypt:3  | Found a staircase to the Tomb.
 29739 | Crypt:3  | Received a gift from Okawaru
 29773 | Crypt:3  | Identified Kaurij's Volume of Confrontation (You found it on level 3 of the Crypt)
 29778 | Crypt:3  | Noticed an ancient lich
 29801 | Crypt:3  | Killed an ancient lich
 29817 | Crypt:3  | Learned a level 2 spell: Swiftness
 29830 | Tomb:1   | Entered Level 1 of the Tomb of the Ancients
 30137 | Tomb:1   | Upgraded the game from 0.18-a0-844-g9229740 to 0.18-a0-846-g91b95b1
 30297 | Tomb:1   | Noticed a greater mummy
 30325 | Tomb:1   | Killed a greater mummy
 30364 | Tomb:1   | Received a gift from Okawaru
 30481 | Tomb:2   | Noticed a greater mummy
 30484 | Tomb:2   | Noticed a greater mummy
 30485 | Tomb:2   | Noticed a greater mummy
 30723 | Tomb:3   | Entered Level 3 of the Tomb of the Ancients
 30873 | Tomb:3   | Noticed a greater mummy
 30873 | Tomb:3   | Noticed a greater mummy
 30977 | Tomb:3   | Noticed a greater mummy
 31072 | Tomb:3   | Noticed a greater mummy
 31081 | Tomb:2   | Killed a greater mummy
 31159 | Tomb:3   | Noticed a greater mummy
 31171 | Tomb:3   | Noticed a greater mummy
 31189 | Tomb:2   | Killed a greater mummy
 31189 | Tomb:2   | Reached XP level 23. HP: 136/195 MP: 2/33
 31348 | Tomb:3   | Noticed a greater mummy
 31406 | Tomb:3   | Noticed a greater mummy
 31423 | Tomb:2   | Killed a greater mummy
 31525 | Tomb:2   | Killed a greater mummy
 31525 | Tomb:2   | Reached skill level 15 in Fighting
 31612 | Tomb:2   | Killed a greater mummy
 31612 | Tomb:2   | Received a gift from Okawaru
 31658 | Tomb:2   | Killed a greater mummy
 31685 | Tomb:2   | Got an ichor-stained halberd {god gift}
 31686 | Tomb:2   | Identified the +2 halberd of Honour {chop, +Inv rF+ MR+ MP+9} (Okawaru gifted it to you on level 2 of the Tomb of the Ancients)
 31723 | Tomb:2   | Killed a greater mummy
 31792 | Tomb:3   | Noticed a greater mummy
 31814 | Tomb:2   | Killed a greater mummy
 31836 | Tomb:2   | Killed a greater mummy
 31946 | Tomb:3   | Got a golden rune of Zot
 31981 | Tomb:3   | Got a clouded tin ring
 31982 | Tomb:3   | Identified the ring of Ilyt {Wiz +Blink rN++ Int+8 Stlth+} (You found it on level 3 of the Tomb of the Ancients)
 31983 | Tomb:3   | hmm
 31986 | Tomb:3   | Identified the Guide on Poisoning and Transformation (You found it on level 3 of the Tomb of the Ancients)
 31988 | Tomb:3   | Identified the Reference Book on Lethal Flight (You found it on level 3 of the Tomb of the Ancients)
 31993 | Tomb:3   | Got a fine brass amulet
 31994 | Tomb:3   | Identified the amulet of Zosokaniu {Harm *Drain rElec rF+} (You found it on level 3 of the Tomb of the Ancients)
 32006 | Tomb:3   | Gained mutation: You have a somewhat thin skeletal structure (Dex +2, Stealth). [helix card]
 32011 | Zig:1    | Entered Level 1 of a ziggurat
 32035 | Zig:2    | Entered Level 2 of a ziggurat
 32047 | Zig:2    | Received a gift from Okawaru
 32057 | Zig:3    | Entered Level 3 of a ziggurat
 32090 | Zig:4    | Entered Level 4 of a ziggurat
 32135 | Zig:4    | Got an ancient halberd
 32136 | Zig:4    | Identified the cursed +1 halberd "Dupna" {freeze, rF++} (You found it on level 4 of a ziggurat)
 32141 | Zig:5    | Entered Level 5 of a ziggurat
 32217 | Zig:6    | Entered Level 6 of a ziggurat
 32224 | Zig:6    | Noticed an iron giant
 32224 | Zig:6    | Noticed 4thArraOfDagon's ghost (veteran HOBe)
 32250 | Zig:7    | Entered Level 7 of a ziggurat
 32303 | Zig:7    | XOM: swap monsters
 32357 | Zig:7    | Reached XP level 24. HP: 118/218 MP: 21/33
 32398 | Zig:8    | Entered Level 8 of a ziggurat
 32428 | Zig:8    | Paralysed by accursed screaming for 2 turns
 32448 | Zig:8    | Got a twitching zirconium amulet
 32450 | Zig:9    | Entered Level 9 of a ziggurat
 32460 | Zig:9    | Identified the amulet "Nuite" {rCorr -Tele Int+5} (You found it on level 8 of a ziggurat)
 32587 | Zig:10   | Entered Level 10 of a ziggurat
 32611 | Zig:10   | Noticed Asiucaiz the pandemonium lord
 32681 | Tomb:3   | Got a vibrating lead amulet
 32682 | Tomb:3   | Identified the amulet of Ezuesaunu {Gourm +Blink SInv} (You found it on level 3 of the Tomb of the Ancients)
 32745 | Tomb:1   | Noticed a greater mummy
 32745 | Tomb:1   | Noticed a greater mummy
 32745 | Tomb:1   | Noticed a greater mummy
 32813 | Crypt:1  | Noticed Margery
 33087 | D:15     | Found a staircase to the Depths.
 33134 | Depths:1 | Entered Level 1 of the Depths
 33250 | Depths:2 | Noticed Aizul
 33298 | Depths:2 | Killed Aizul
 33363 | Depths:2 | Reached XP level 25. HP: 162/227 MP: 21/34
 33385 | Depths:2 | Noticed Sojobo
 33399 | Depths:2 | Killed Sojobo
 33457 | Depths:2 | Got a ring of the Octopus King
 33459 | Depths:2 | Identified a ring of the Octopus King {AC+1 EV+1 Str+1 Int+1 Dex+1 SInv} (You took it off a tengu reaver on level 2 of the Depths)
 33499 | Depths:2 | Found a one-way gate leading to the halls of Pandemonium.
 33635 | Depths:2 | Received a gift from Okawaru
 33922 | Pan      | Entered Pandemonium
 33941 | Pan      | Entered the realm of Gloorx Vloq.
 34033 | Pan      | Reached skill level 15 in Translocations
 34205 | Pan      | Noticed Gloorx Vloq
 34222 | Pan      | Slain by an Executioner

Vault maps used:
D:1:      dpeg_arrival_chase, minmay_misc_feat_chi
D:2:      old_standard_altar
D:3:      lemuel_coloured_pillars_altar, first_bread, kennysheep_big_empty_room
D:4:      minmay_misc_feat_secret_circle
D:5:      serial_shops, nicolae_shop_statue_plus
D:6:      fedhas_altar_1, nicolae_dithmenos_through_a_glass_darkly,
          gammafunk_temple_overflow_statue, nicolae_overflow_crystal_walls,
          grunt_ministairs_13
D:7:      ashenzari_altar_1, minmay_temple_entry_statues_pillars, nrook_uturn,
          the_bakery, lemuel_mausoleum_altar_yredelemnul
D:8:      elyvilon_altar_3, patterned_corridor
D:9:      lemuel_round_altar, serial_curves, eino_curves_04, eino_curves_04,
          eino_curves_03
D:10:     minmay_lair_entry_lava, basic_altar, serial_shops,
          nicolae_shop_behind_doors
D:11:     erik_orc_2, minmay_holes, lasty_cornered_adventurer
D:12:     lemuel_ogre_cave, serial_shops, shop_coins
D:13:     grunt_vaults_entry_fortified, uniq_nessos
D:14:     basic_altar, portal_ice_cave_entry_ice_beasts,
          einodemon_armed_red_devil_minivault
D:15:     grunt_enter_depths_giant_problem, basic_altar, spider_trap
Lair:1:   minmay_lair_oklob_chamber, minivault_25, infiniplex_staircase_pool_2
Lair:3:   spider_nest_entry_web_field
Lair:4:   uniq_harold, uniq_snorg
Lair:5:   shoals_dummy_entry, minmay_stone_trees_small, lemuel_fruit_tree,
          uniq_rupert
Lair:7:   minmay_slime_entry_oklob_enclosed, grunt_megastairs_5
Lair:8:   evil_forest
Shoals:1: serial_shops, nicolae_shop_waterfront, nicolae_shoals_seven_spires
Shoals:2: serial_shops, shop, shop, shop_coins
Shoals:3: uniq_polyphemus
Shoals:4: shoals_end_grunt_ice, shoals_ilsuiw_ice
Spider:1: nicolae_spider_hall_of_the_moth_king
Spider:2: guppyfry_spider_mini_3, uniq_louise, uniq_frances
Spider:4: grunt_spider_rune_island
Slime:2:  basic_altar
Slime:4:  cheibrodos_slime_lost_civilization_1
Orc:1:    lightli_orcish_oven
Orc:2:    st_orc_elflike, basic_altar, nicolae_for_you_no_charge
Elf:1:    serial_shops, nicolae_shop_trees, kennysheep_underground_church
Elf:2:    serial_shops, bzr_entry_customers
Elf:3:    nooodl_elf_gasket, grunt_ministairs_15
Vaults:1: nicolae_vaults_border_crossing, v_misc_22, vaults_room_semicircle,
          ontoclasm_vaults_tryst, hangedman_vaults_stitches,
          nicolae_vaults_angled_halls, vaults_room_pools,
          vaults_dpeg_encased_lava, basic_altar, serial_shops, shop,
          uniq_saint_roka
Vaults:2: v_alt_pattern_4, v_misc_9, st_octagons_2, v_rooms_1, v_alt_pattern_6,
          nicolae_vaults_circle_grid_a, ontoclasm_vaults_twist,
          grunt_vaults_hallway_long, v_misc_1, ontoclasm_vaults_pinch,
          vaults_dpeg_hooks, hangedman_vaults_maws, v_misc_22,
          hangedman_vaults_restitches, vaults_room_ringed_pool, serial_shops,
          nicolae_shop_statue_plus, nicolae_shop_window_shopping, uniq_wiglaf,
          uniq_jory
Vaults:3: v_misc_4, hangedman_vaults_maws, vaults_dpeg_spiral, st_cells,
          vaults_mumra_minichess, v_misc_25, minmay_crypt_entry_simple_box,
          serial_ice_g
Vaults:4: v_pattern_5, nicolae_vaults_an_arrangement,
          nicolae_vaults_windows_and_doors_thing, v_rooms_5,
          hangedman_vaults_stretched_pinwheel, hangedman_vaults_river_flow,
          v_alt_pattern_3, ontoclasm_vaults_decontamination,
          ontoclasm_vaults_loading_screen, vaults_room_hallway,
          hangedman_vaults_slice, uniq_boris
Vaults:5: serial_shops
Crypt:1:  uniq_margery
Crypt:2:  minivault_5, st_vampire_maze, roderic_lattice_octagonal_star
Crypt:3:  quadcrypt_mu, uniq_xtahua
Depths:1: abyss_entry_flame_altar, corexii_leaking_fountain, pan_entry,
          hellmouth_1, nicolae_twisting_strands, okawaru_ov_weapons_minmay,
          firewood_loft, serial_bayou_shore_b
Depths:2: grunt_twist_and_shout, roderic_roman_lattice,
          pf_hell_entry_tar_spiral, pan_entry, hangedman_feature_mirror,
          uniq_sojobo, uniq_aizul
Depths:3: impenetrable_vault, pan_entry, grunt_hell_entry_dis_mu,
          abyss_entry_small_statue_room, grunt_tower_of_power,
          infiniplex_staircase_spiral
Abyss:2:  evilmike_abyss_exit_10
Abyss:3:  evilmike_abyss_exit_16
Abyss:4:  grunt_abyss_rune_sword_and_sorcery
Abyss:5:  evilmike_abyss_exit_12
Pan:      nicolae_pan_giant_door, evilmike_gloorx_vloq_box,
          nicolae_pan_lom_lobonic_2
Zig:10:   ziggurat_pillar_centre_c
Bazaar:   bazaar_minmay_cross
IceCv:    ice_cave_caverns_02

Action                   |  1- 3 |  4- 6 |  7- 9 | 10-12 | 13-15 | 16-18 | 19-21 | 22-24 | 25-27 || total
-------------------------+-------+-------+-------+-------+-------+-------+-------+-------+-------++-------
Melee: Short sword       |    94 |    21 |       |       |       |       |       |       |       ||   115
       Halberd           |       |   120 |   432 |   970 |   295 |       |       |       |       ||  1817
       Bardiche          |       |       |       |     3 |   184 |   829 |  1156 |  1014 |   240 ||  3426
       Scythe            |       |       |       |       |   532 |   580 |       |       |       ||  1112
Throw: Throwing net      |       |       |     1 |       |       |     1 |       |       |       ||     2
 Cast: Regeneration      |       |       |       |    34 |    89 |    57 |    81 |   128 |    19 ||   408
       Spectral Weapon   |       |       |       |     9 |    27 |     6 |    11 |    31 |     8 ||    92
       Apportation       |       |       |       |       |       |     5 |    23 |    40 |     8 ||    76
       Repel Missiles    |       |       |       |       |       |       |     1 |       |       ||     1
       Cure Poison       |       |       |       |       |       |       |       |     2 |       ||     2
       Swiftness         |       |       |       |       |       |       |       |     1 |       ||     1
       Passage of Golubr |       |       |       |       |       |       |       |     8 |     1 ||     9
       Blink             |       |       |       |       |       |       |       |       |     3 ||     3
Invok: Heroism           |       |       |     6 |    22 |    37 |    40 |    38 |    29 |     5 ||   177
       Finesse           |       |       |       |       |     6 |     1 |     4 |     3 |     2 ||    16
 Abil: Stop Flying       |       |       |       |     1 |       |       |       |       |       ||     1
       Evoke Invisibilit |       |       |       |       |       |     1 |       |       |       ||     1
       Turn Visible      |       |       |       |       |       |     1 |       |       |       ||     1
       Evoke Teleportati |       |       |       |       |       |       |     2 |    14 |     1 ||    17
Evoke: Wand              |     2 |    16 |    11 |     8 |    46 |     5 |     3 |     5 |       ||    96
       Phial of floods   |       |       |       |       |     1 |     2 |       |       |       ||     3
       Deck              |       |       |       |       |       |     3 |     6 |     7 |     2 ||    18
       Box of beasts     |       |       |       |       |       |     2 |     7 |     1 |       ||    10
       Sack of spiders   |       |       |       |       |       |       |     2 |     1 |       ||     3
       Figurine of a zig |       |       |       |       |       |       |       |     1 |       ||     1
       Piece from Xom's  |       |       |       |       |       |       |       |     1 |       ||     1
  Use: Potion            |     2 |     2 |     4 |     6 |     7 |     5 |     6 |     3 |     2 ||    37
       Scroll            |       |     8 |     3 |    15 |    19 |    26 |    23 |    14 |     1 ||   109
 Stab: Held in net/web   |       |       |     1 |       |       |     1 |       |       |       ||     2
       Sleeping          |       |       |       |     4 |       |     1 |       |       |       ||     5
       Distracted        |       |       |       |     2 |     3 |     2 |     7 |     4 |     2 ||    20
       Invisible         |       |       |       |       |       |     9 |       |       |       ||     9
  Eat: Chunk             |       |     3 |     7 |    26 |    25 |     9 |       |     5 |     5 ||    80
       Pizza             |       |       |     2 |       |       |     2 |     2 |       |       ||     6
       Beef jerky        |       |       |     1 |     3 |     2 |     4 |     4 |     1 |       ||    15
       Fruit             |       |       |       |       |     2 |    11 |    13 |     2 |       ||    28
       Meat ration       |       |       |       |       |     2 |     2 |     2 |     5 |       ||    11
       Royal jelly       |       |       |       |       |       |     2 |       |       |       ||     2
